 Dungeon Crawl Stone Soup version 0.28-a0-1227-ga9037bb4c8 (webtiles) character file.

Game seed: 14618403630012227552

72 jbasstz the Skirmisher (level 4, -2/29 HPs)
             Began as a Gargoyle Berserker on Dec 22, 2021.
             Was a Believer of Trog.
             Slain by an orc (5 damage)
             ... on level 3 of the Dungeon.
             The game lasted 00:04:30 (2152 turns).

jbasstz the Skirmisher (Gargoyle Berserker)         Turns: 2152, Time: 00:04:32

Health: -2/29      AC:  5    Str: 22    XL:     4   Next: 25%
Magic:  4/4        EV: 12    Int:  8    God:    Trog [**....]
Gold:   124        SH:  0    Dex:  9    Spells: 3/3 levels left

rFire   x . .      SeeInvis .   k - +1 short sword (drain)
rCold   + . .      Faith    .   (no shield)
rNeg    + . .      Spirit   .   b - +0 animal skin
rPois   ∞          Reflect  .   (no helmet)
rElec   +          Harm     .   (no cloak)
rCorr   .          Rampage  .   (no gloves)
Will    .....                   (no boots)
Stlth   +.........              (no amulet)
HPRegen 0.09/turn               j - ring of ice
MPRegen 0.09/turn               (no ring)

@: no status effects
A: sickness immunity, AC +3, negative energy resistance 1, electricity
resistance, torment resistance 1, petrification resistance
a: Renounce Religion, Berserk, Trog's Hand


You were on level 3 of the Dungeon.
You worshipped Trog.
Trog was pleased with you.
You visited 1 branch of the dungeon, and saw 3 of its levels.

You collected 124 gold pieces.

Inventory:

Hand Weapons
 a - a +0 mace
 k - a +1 short sword of draining (weapon)
Armour
 b - a +0 animal skin (worn)
Jewellery
 j - a ring of ice (left hand)
Scrolls
 d - 5 scrolls of teleportation {unknown}
 e - a scroll of summoning {unknown}
 g - 2 scrolls of identify {unknown}
 h - a scroll of enchant armour {unknown}
 l - a scroll of noise {unknown}
Potions
 c - a potion of resistance {unknown}
 f - a potion of attraction {unknown}
 i - 2 potions of curing {unknown}


   Skills:
 + Level 4.0 Fighting
 + Level 1.0 Short Blades
 + Level 3.8 Maces & Flails
 + Level 2.3 Armour
 + Level 1.9 Dodging
 + Level 0.6 Stealth


You had 3 spell levels left.
You didn't know any spells.
Your spell library contained the following spells:

 Spells                   Type           Power      Damage    Failure   Level
 Beastly Appendage        Tmut           0%         N/A       41%         1
 Slow                     Hex            0%         N/A       41%         1
 Confusing Touch          Hex            0%         N/A       78%         3
 Vampiric Draining        Necr           0%         2d6       78%         3


Dungeon Overview and Level Annotations

Branches:
Dungeon (3/15)

Altars:
Sif Muna

Shops:
D:2 [


Innate Abilities, Weirdness & Mutations

You are immune to sickness and miasma.
Your stone body is resilient. (AC +3)
You are immune to poison.
You resist negative energy. (rN+)
You are resistant to electric shocks. (rElec)
You are resistant to unholy torment.
You are immune to petrification.


Message History

The ball python constricts you. The ball python barely misses you.
The ball python constricts you.
You hit the ball python.
You kill the ball python!
Trog accepts your kill.
Your Short Blades skill increases to level 1!
You see here a ball python corpse.
You now have 124 gold pieces (gained 6).
An orc comes into view. It is wielding a +0 trident.
The orc moves out of view.
An orc comes into view. It is wielding a +0 falchion.
The orc shouts!
The orc throws a boomerang.
The boomerang hits you but does no damage.
An orc comes into view. It is wielding a +0 whip.
The orc shouts! x2
An orc comes into view. It is wielding a +0 falchion.
The orc throws a boomerang.
The boomerang hits you.
The orc moves out of view.
Found 27 sling bullets.
The orc shouts!
The orc throws a boomerang.
The boomerang hits you but does no damage.
The orc throws a boomerang.
The boomerang hits you.
The orc hits you from afar with a +0 trident.
The orc hits you with a +0 falchion.
You barely miss the orc. The orc closely misses you. The orc barely misses you.
You closely miss the orc.
The orc hits you from afar with a +0 trident.
The orc barely misses you.
You hit the orc.
The orc is heavily wounded.
The orc barely misses you. The orc hits you with a +0 falchion.
You closely miss the orc.
The orc is heavily wounded.
The orc hits you from afar with a +0 trident.
* * * LOW HITPOINT WARNING * * *
The orc hits you with a +0 falchion.
* * * LOW HITPOINT WARNING * * *
The orc hits you from afar with a +0 trident.
You die...

#.# #.# # #.# .. #.# ...
#.# # .... ####.##### ##
..... #........# ##.
.....o###........# #..
.....oo@.........#####..
.....o###........†......
....( #........####...
#### #.........###...
#########.......
######.. #.. #.. #..


You could see 4 orcs.

Vanquished Creatures
  3 adders (D:2)
  A dart slug (D:1)
  2 worms (D:2)
  3 endoplasms
  2 giant cockroaches (D:1)
  5 goblins
  2 hobgoblins (D:1)
  3 jackals (D:2)
  4 kobolds
  A quokka (D:1)
  3 ball pythons
  A bat (D:2)
  5 frilled lizards (D:1)
  4 rats
39 creatures vanquished.

Notes
Turn   | Place    | Note
-------+----------+-------------------------------------------
     0 | D:1      | jbasstz the Gargoyle Berserker began the quest for the Orb.
     0 | D:1      | Reached XP level 1. HP: 14/14 MP: 1/1
   433 | D:1      | Reached XP level 2. HP: 15/19 MP: 2/2
  1137 | D:1      | Found a faded altar of an unknown god.
  1154 | D:1      | Got Plato's Handbook of Transformation
  1313 | D:2      | Reached XP level 3. HP: 16/24 MP: 3/3
  1624 | D:2      | Reached ** piety under Trog
  1625 | D:2      | Reached skill level 4 in Fighting
  1636 | D:2      | Found a shimmering blue altar of Sif Muna.
  1661 | D:2      | Reached XP level 4. HP: 18/29 MP: 4/4
  1817 | D:2      | Found Radulolu's Armour Boutique.
  2122 | D:3      | Reached skill level 1 in Short Blades
  2152 | D:3      | Slain by an orc

Illustrated notes

Levels and vault maps discovered:
D:1:      ebering_hopf_link, layout_basic, shapermc_ecumenical_altar_rom_forum
D:2:      layout_basic, serial_shops, nicolae_shop_hallway_plus, basic_altar
D:3:      layout_rooms, serial_shops, shop

Skill      XL: |  1  2  3  4 |
---------------+-------------+-----
Fighting       | 4 |  4.0
Short Blades   | 1 |  1.0
Maces & Flails | |  3.8
Armour         | |  2.3
Dodging        | |  1.9
Stealth        | |  0.6

Action                   |  1- 3 |  4- 6 || total
-------------------------+-------+-------++-------
Melee: Mace              |    35 |       ||    35
       Short sword       |    41 |    27 ||    68
 Stab: Sleeping          |     1 |     1 ||     2
Armor: Animal skin       |    19 |     8 ||    27
Dodge: Dodged            |    50 |    14 ||    64

Table legend: (Time is in decaauts)
 A = Elapsed time spent in this place.
 B = Non-inter-level travel time spent in this place.
 C = Inter-level travel time spent in this place.
 D = Time resting spent in this place.
 E = Time spent auto-exploring this place.
 F = Levels seen in this place.
 G = Mean time per level.
                   A        B        C        D        E       F      G
               +--------+--------+--------+--------+--------+-----+--------+
         Total |   2164 |   2164 |      0 |      0 |   1799 |   3 |  721.3 |
       Dungeon |   2164 |   2164 |      0 |      0 |   1799 |   3 |  721.3 |
               +--------+--------+--------+--------+--------+-----+--------+

Top non-repeatable levels by time:
     D:1: 1249 daAuts
     D:2: 818 daAuts
     D:3: 96 daAuts
